 Dungeon Crawl Stone Soup version 0.30.2 (webtiles) character file.

Game seed: 3560008589841998165

2707 porpoise the Basher (level 9, -10/72 HPs)
             Began as a Demonspawn Gladiator on Mar 21, 2024.
             Was a Follower of Qazlal.
             Mangled by an orc warrior
             ... wielding a +0 glaive
              (12 damage)
             ... in a bailey.
             The game lasted 00:30:55 (7610 turns).

porpoise the Basher (Demonspawn Gladiator)          Turns: 7610, Time: 00:30:55

Health: -10/72     AC:  5    Str: 19    XL:     9   Next: 39%
Magic:  9/9        EV: 13    Int: 10    God:    Qazlal [*.....]
Gold:   328        SH: 19    Dex: 14    Spells: 8/8 levels left

rFire   . . .        b - +2 whip (venom)
rCold   . . .        k - +1 buckler
rNeg    . . .        i - +0 leather armour
rPois   .            (helmet restricted)
rElec   .            (no cloak)
rCorr   .            p - +1 pair of gloves
SInv    .            (no boots)
Will    .....        h - amulet of reflection
Stlth   +            (no ring)
HPRegen 0.32/turn    (no ring)
MPRegen 0.11/turn

%: reflection
@: mighty, studying Maces & Flails
A: horns 1, large bone plates 2, foul stench 2
a: Renounce Religion


You were in a bailey.
You worshipped Qazlal.
Qazlal was aware of your devotion.
You visited 2 branches of the dungeon, and saw 8 of its levels.
You also visited: Sewer and Bailey.

You collected 347 gold pieces.
You spent 19 gold pieces at shops.

Inventory:

Hand Weapons
 a - a +4 short sword of electrocution
 b - a +2 whip of venom (weapon)
 E - a +0 war axe of protection
Missiles
 e - 5 boomerangs
 t - 17 poisoned darts (quivered)
 y - 2 curare-tipped darts
 B - a javelin
Armour
 i - a +0 leather armour (worn)
 k - a +1 buckler (worn)
 p - a +1 pair of gloves (worn)
 F - a +1 helmet
Magical Staves
 v - a staff of death
Jewellery
 h - an amulet of reflection (around neck)
Wands
 s - a wand of iceblast (2)
 u - a wand of flame (81)
 H - a wand of charming (10)
Scrolls
 c - 2 scrolls of identify
 d - a scroll of teleportation
 f - a scroll of enchant armour
 o - 3 scrolls of vulnerability
 w - a scroll of noise
 x - 2 scrolls of immolation
Potions
 g - a potion of degeneration {unknown}
 j - a potion of might
 l - 2 potions of haste
 m - 3 potions of heal wounds
 n - 7 potions of curing
 q - a potion of brilliance {unknown}
 r - 2 potions of cancellation
 z - 2 potions of resistance
 A - 2 potions of mutation
 C - a potion of berserk rage {unknown}
 D - a potion of ambrosia {unknown}
 G - a potion of lignification {unknown}


   Skills:
 - Level 7.0 Fighting
 - Level 4.5(7.1) Axes
 + Level 8.7(9.2) Maces & Flails
 - Level 2.0 Throwing
 + Level 2.9 Armour
 + Level 4.3 Dodging
 - Level 5.0 Shields


You had 8 spell levels left.
You didn't know any spells.
Your spell library contained the following spells:

 Spells                   Type           Power      Damage    Failure   Level
 Kiss of Death            Conj/Necr      0%         2d5       50%         1
 Necrotise                Necr           0%         1d4       50%         1
 Hailstorm                Conj/Ice       0%         3d3       86%         3
 Volatile Blastmotes      Fire/Tloc      0%         2d10      86%         3
 Fulminant Prism          Conj/Hex       0%         3d5       99%         4
 Ice Form                 Ice/Tmut       0%         N/A       99%         4
 Iskenderun's Mystic Bla  Conj/Tloc      0%         2d3       99%         4
 Lee's Rapid Deconstruct  Erth           0%         3d4*      100%        5
 Simulacrum               Ice/Necr       0%         N/A       100%        6


Dungeon Overview and Level Annotations

Branches:
Dungeon (7/15)             Temple (1/1) D:5           Sewer (visited)
 Bailey (1/1)

Altars:
Ashenzari
Cheibriados
Dithmenos
Fedhas
Hepliaklqana
Kikubaaqudgha
Nemelex Xobeh
Okawaru
Qazlal
Ru
Sif Muna
Trog
Uskayaw
Vehumet
Wu Jian
Xom
Yredelemnul

Shops:
D:2 *   D:4 :


Innate Abilities, Weirdness & Mutations

You have a pair of small horns on your head.
You are mostly covered in large bone plates. (SH +6)
You sometimes emit foul miasma when damaged in melee.


Message History

The orc warrior looks as sick as possible!
You headbutt the orc warrior, but do no damage.
The orc warrior is heavily wounded.
The orc warrior is engulfed in dark miasma.
The orc warrior looks as sick as possible!
The orc warrior seems to slow down.
You block the orc warrior's attack.
An orc comes into view. It is wielding a +0 spear.
The orc knight hits you from afar with a +0 glaive!
* * * LOW HITPOINT WARNING * * *
The orc shouts!
You hit the orc warrior.
You kill the orc warrior!
Qazlal accepts your kill.
You hear a shout!
You feel much better. You block the orc knight's attack.
An orc warrior comes into view. It is wielding a +0 glaive.
You block the orc knight's attack.
You hit the orc knight. You headbutt the orc knight!
The orc knight is moderately wounded.
The orc knight hits you with a +0 glaive!!
* * * LOW HITPOINT WARNING * * *
You emit a cloud of foul miasma!
You hit the orc knight.
The orc knight is poisoned.
You headbutt the orc knight.
The orc knight is moderately wounded.
The orc knight is engulfed in dark miasma.
The orc knight looks even sicker.
The orc knight seems to slow down.
You block the orc knight's attack.
You barely miss the orc knight.
The orc knight is heavily wounded.
You hit the orc knight.
The orc knight looks as sick as possible!
The orc knight is heavily wounded.
The orc knight is no longer moving slowly.
The orc knight is engulfed in dark miasma.
The orc knight looks as sick as possible!
You barely miss the orc knight.
The orc knight is severely wounded.
The orc warrior hits you from afar with a +0 glaive!
You die...

#≈≈≈≈≈≈≈#..).#≈≈≈≈≈≈≈♣♣#
#♣♣≈≈≈≈≈#....#≈≈≈≈≈≈≈≈≈#
♣♣♣♣...#)...#...≈≈≈≈≈≈#
#♣....♣............≈≈≈≈#
#...................≈≈≈#
#..####........####..≈≈#
##.#$.####''####.$#♣♣♣♣#
###...)..........
##.o@8....8...#
#.§########..#


#oo .# #.. # #.. #.. #.. #.. You could see an orc knight (extremely poisoned),
an orc warrior (strong) and an orc (strong).

Vanquished Creatures
  The ghost of middlethird the Ruffian, a novice VSTm (D:5)
  Eustachio (D:6)
  Edmund (D:4)
  2 water moccasins
  4 orc warriors
  3 ice beasts
  A centaur (D:5)
  4 kobold brigands
  2 phantoms
  A bullfrog (D:6)
  3 scorpions
  A howler monkey (D:7)
  2 hounds
  3 jellies
  2 orc wizards
  Terence (D:3)
  2 iguanas
  Robin (D:4)
  3 gnolls (D:2)
  6 river rats (Sewer)
  12 adders
  A shadow imp (D:7)
  An ufetubus (D:5)
  2 worms
  5 dart slugs
  10 orcs
  11 endoplasms
  4 giant cockroaches
  11 goblins
  11 hobgoblins
  8 jackals
  24 kobolds
  17 ball pythons
  6 bats
  7 frilled lizards
  22 rats
196 creatures vanquished.

Notes
Turn   | Place    | Note
-------+----------+-------------------------------------------
     0 | D:1      | porpoise the Demonspawn Gladiator began the quest for the
                  | Orb.
     0 | D:1      | Reached XP level 1. HP: 16/16 MP: 1/1
   118 | D:1      | Gained mutation: You are partially covered in large bone
                  | plates. (SH +4) [demonic ancestry]
   118 | D:1      | Reached XP level 2. HP: 22/22 MP: 2/2
   327 | D:1      | Found a faded altar of an unknown god.
   966 | D:2      | Gained mutation: You are mostly covered in large bone
                  | plates. (SH +6) [demonic ancestry]
   966 | D:2      | Reached XP level 3. HP: 28/28 MP: 3/3
  1406 | D:2      | Reached XP level 4. HP: 24/34 MP: 4/4
  1451 | D:2      | Reached skill level 1 in Shields
  1473 | D:2      | Found Cyil's Assorted Antiques.
  1477 | D:2      | Bought a fizzy clear potion for 19 gold pieces
  2011 | D:2      | Identified the +8 chain mail "Ityenist" {rF+ rC+ Int+4
                  | Dex-3}
  2528 | D:3      | Noticed Terence
  2545 | D:3      | Killed Terence
  2546 | D:3      | Reached XP level 5. HP: 41/41 MP: 5/5
  2767 | D:3      | Found a glowing drain.
  2787 | Sewer    | Entered a sewer
  3156 | Sewer    | Reached skill level 1 in Maces & Flails
  3156 | Sewer    | Gained mutation: You may rarely emit foul miasma when
                  | damaged in melee. [demonic ancestry]
  3156 | Sewer    | Reached XP level 6. HP: 40/47 MP: 6/6
  3417 | Sewer    | Reached skill level 2 in Maces & Flails
  4248 | D:4      | Noticed Edmund
  4265 | D:4      | Killed Edmund
  4266 | D:4      | Reached skill level 3 in Maces & Flails
  4266 | D:4      | Gained mutation: You sometimes emit foul miasma when
                  | damaged in melee. [demonic ancestry]
  4266 | D:4      | Reached XP level 7. HP: 34/55 MP: 7/7
  4286 | D:4      | Reached skill level 4 in Maces & Flails
  4320 | D:4      | Noticed Robin
  4336 | D:4      | Killed Robin
  4467 | D:4      | Found Maateude's Book Shop.
  4513 | D:4      | Reached skill level 5 in Fighting
  4772 | D:5      | Entered Level 5 of the Dungeon
  4772 | D:5      | Found a runed translucent door.
  4814 | D:5      | Noticed middlethird's ghost (novice VSTm)
  4841 | D:5      | Reached skill level 5 in Maces & Flails
  4850 | D:5      | Reached XP level 8. HP: 19/63 MP: 8/8
  5374 | D:5      | Found a staircase to the Ecumenical Temple.
  5393 | D:5      | Reached skill level 6 in Maces & Flails
  5412 | Temple   | Entered the Ecumenical Temple
  5428 | Temple   | Became a worshipper of Qazlal Stormbringer
  6066 | D:5      | Killed middlethird's ghost
  6067 | D:5      | Reached skill level 7 in Maces & Flails
  6067 | D:5      | Reached skill level 5 in Shields
  6183 | D:6      | Reached skill level 1 in Armour
  6215 | D:6      | Found a hazy altar of Hepliaklqana.
  6219 | D:6      | Found a broken altar of Ashenzari.
  6219 | D:6      | Found a shimmering altar of Xom.
  6234 | D:6      | Found a basalt altar of Yredelemnul.
  6238 | D:6      | Found an ancient bone altar of Kikubaaqudgha.
  6441 | D:6      | Found a shadowy altar of Dithmenos.
  6505 | D:6      | Gained mutation: You have a pair of small horns on your
                  | head. [demonic ancestry]
  6505 | D:6      | Reached XP level 9. HP: 56/71 MP: 9/9
  6886 | D:6      | Noticed Eustachio
  6898 | D:6      | Killed Eustachio
  7056 | D:7      | Reached skill level 8 in Maces & Flails
  7172 | D:7      | Found a radiant altar of Vehumet.
  7201 | D:7      | Found a shimmering blue altar of Sif Muna.
  7216 | D:7      | Got Sif Muna's Anthology of Malevolent Deeds
  7223 | D:7      | Found a bloodstained altar of Trog.
  7357 | D:7      | Found a flagged portal.
  7440 | Bailey   | Entered a bailey
  7590 | Bailey   | Noticed an orc knight
  7595 | Bailey   | Reached * piety under Qazlal
  7602 | Bailey   | HP: 1/72 [orc knight/+0 glaive (9)]
  7610 | Bailey   | Mangled by an orc warrior

Illustrated notes

Levels and vault maps discovered:
D:1:      lemuel_arrival_funnel, layout_loops_ring,
          shapermc_ecumenical_altar_notcrosses
D:2:      layout_loops_corners, serial_shops, shop, basic_altar
D:3:      kb_forest_paths, layout_basic, portal_sewer_entry_a, uniq_terence
D:4:      layout_rooms, serial_shops, shop, uniq_edmund, uniq_robin
D:5:      layout_basic, minmay_temple_entry_drinking_statues,
          hellmonk_ghost_happy_afterlife, st_stairs_8, kennysheep_potato
D:6:      layout_basic, old_standard_altar, minmay_overflow_temple_star_hex,
          uniq_eustachio
D:7:      layout_cave_pools, nzn_overflow_gifts_of_might_and_magic,
          fiery_altar_vehumet, enter_bailey_2
Temple:   hellmonk_temple_rainy
Bailey:   bailey_polearm_elven_captive_hellmonk, bailey

Skill      XL: |  1  2  3  4  5  6  7  8  9 |
---------------+----------------------------+-----
Throwing       | 2 |  2.0
Axes           | 3 4 |  4.5
Shields        | 1 2 3 4 5 |  5.0
Fighting       | 3 4 5 6 7 |  7.0
Maces & Flails | 1 3 5 7 8 |  8.7
Dodging        | 3 4 |  4.3
Armour         | 1 2 |  2.9

Action                     |  1- 3 |  4- 6 |  7- 9 || total
---------------------------+-------+-------+-------++-------
  Melee: War axe           |    88 |    85 |    55 ||   228
         Whip              |       |   218 |   194 ||   412
         Short sword       |       |       |    66 ||    66
         Headbutt          |       |       |    18 ||    18
  Throw: Javelin           |       |     1 |       ||     1
    Use: Scroll            |     2 |     5 |    12 ||    19
         Potion            |       |       |     3 ||     3
   Stab: Sleeping          |     1 |     2 |     1 ||     4
 Armour: Leather armour    |    20 |    50 |    32 ||   102
  Dodge: Dodged            |    51 |    86 |    69 ||   206
  Block: Buckler           |    37 |   270 |   216 ||   523
         Other             |     9 |       |       ||     9
         Reflection        |     3 |     2 |    12 ||    17
